 Dungeon Crawl Stone Soup version 0.27.0-1-g7a089689b8 (webtiles) character file.

Game seed: 11010297362083584781

969301 frimble the Wrestler (level 27, -6/314 HPs)
             Began as a Troll Warper on Aug 9, 2021.
             Was the Champion of Cheibriados.
             Mangled by a dread lich (14 damage)
             ... on level 1 of Tartarus on Aug 10, 2021.
             The game lasted 02:43:44 (68886 turns).

frimble the Wrestler (Troll Warper)                Turns: 68886, Time: 02:43:45

Health: -6/314     AC: 17    Str: 45    XL:     27
Magic:  31/43      EV: 22    Int: 41    God:    Cheibriados [******]
Gold:   9312       SH: 34    Dex: 25    Spells: 12/53 levels left

rFire    + . .     SeeInvis .     - Unarmed
rCold    + . .     Faith    .   Y - +8 tower shield {rPois}
rNeg     + + +     Spirit   .   F - +2 robe of Vines {NoPotionHeal Regen+++}
rPois    ∞         Reflect  .   M - +2 hat
rElec    .         Harm     .   h - +2 cloak {rCorr}
rCorr    +         Rampage  .   (gloves unavailable)
Will     +++++                  (boots unavailable)
Stlth    +++.......             f - amulet of regeneration
HPRegen  5.62/turn              I - ring of the Mage {Wiz Will++ Int+3}
MPRegen  0.28/turn              g - ring "Loetwole" {rF+ rN+ Str+3 Int+6}

@: lich-form, doom-hounded, slowed, studying 4 skills, very slow
A: draining attack, torment immunity, no potions, large, unfitting armour, claws
3, regeneration 1, shaggy fur 1, tough skin 1, high mp 1, strong-willed 1
}: 5/15 runes: serpentine, barnacled, slimy, silver, golden
a: End Transformation, Renounce Religion, Bend Time, Temporal Distortion,
Slouch, Step From Time


You were on level 1 of Tartarus.
You worshipped Cheibriados.
Cheibriados was exalted by your worship.
You were an undead lich.
You visited 15 branches of the dungeon, and saw 63 of its levels.
You visited the Abyss 2 times.
You visited 2 ziggurats, and saw 33 of their levels (deepest: 17).

You collected 15350 gold pieces.
You spent 6038 gold pieces at shops.

Inventory:

Hand Weapons
 O - the +13 lance "Wyrmbane" {slay drac, rPois rF+ rC+ AC+3}
   (You acquired it on level 13 of a ziggurat)

   It inflicts extra damage against dragons and draconians.
   AC:        It affects your AC (+3).
   rF:        It protects you from fire.
   rC:        It protects you from cold.
   rPois:     It protects you from poison.
Missiles
 c - 37 silver javelins (quivered)
 l - 18 javelins
 t - 7 throwing nets
 y - 161 large rocks
Armour
 h - a +2 cloak of preservation (worn)
 p - a scarf of resistance
 F - the +2 robe of Vines (worn) {NoPotionHeal Regen+++}
   (You found it on level 5 of a ziggurat)

   Its wearer cannot be healed by potions.
   Regen:     It increases your rate of health regeneration.
 M - a +2 hat (worn)
 S - the +3 shadow dragon scales of the Bard {+Blink Will++ Stlth++++}
   (You acquired it on level 3 of the Vaults)

   +Blink:    It lets you blink.
   Will:      It greatly increases your willpower.
   Stlth:     It makes you much more stealthy.
 Y - a +8 tower shield of poison resistance (worn)
Jewellery
 f - an amulet of regeneration (around neck)
 g - a ring "Loetwole" (right claw) {rF+ rN+ Str+3 Int+6}
   (You found it on level 4 of the Vaults)

   [ring of intelligence]

   Str:       It affects your strength (+3).
   Int:       It affects your intelligence (+6).
   rF:        It protects you from fire.
   rN:        It protects you from negative energy.
 n - the ring "Tyijero" {rF- rN+++ Will+++ rCorr Str-4}
   (You found it on level 11 of a ziggurat)

   [ring of resist corrosion]

   Str:       It affects your strength (-4).
   rF:        It makes you vulnerable to fire.
   rN:        It renders you almost immune to negative energy.
   rCorr:     It protects you from acid and corrosion.
   Will:      It greatly increases your willpower.
 C - the ring "Puoteo Odim" {Fly rPois SInv}
   (You took it off a deep elf zephyrmancer on level 3 of the Elven Halls)

   [ring of flight]

   rPois:     It protects you from poison.
   SInv:      It lets you see invisible.
   Fly:       It grants you flight.
 H - an amulet of magic regeneration
 I - the ring of the Mage (left claw) {Wiz Will++ Int+3}
   (You found it on level 8 of a ziggurat)

   [ring of wizardry]

   It improves your spell success rate.
   Int:       It affects your intelligence (+3).
   Will:      It greatly increases your willpower.
 J - the brooch of Shielding {Spirit SH+8}
   (You found it on level 13 of a ziggurat)

   [amulet of guardian spirit]

   It causes incoming damage to be divided between your reserves of health and
   magic.
   SH:        It affects your SH (+8).
 W - an amulet of the acrobat
Wands
 a - a wand of iceblast (57)
 D - a wand of paralysis (27)
 N - a wand of acid (47)
Scrolls
 b - 10 scrolls of blinking
 d - 30 scrolls of teleportation
 e - 13 scrolls of magic mapping
 i - 8 scrolls of enchant armour
 r - 14 scrolls of immolation
 s - 60 scrolls of identify
 w - 15 scrolls of enchant weapon
 A - 7 scrolls of fear
 E - 14 scrolls of amnesia
 G - 12 scrolls of fog
 P - 7 scrolls of holy word
 Q - a scroll of brand weapon
 V - 2 scrolls of silence
Potions
 j - 5 potions of attraction
 k - 17 potions of flight
 m - 15 potions of lignification
 o - 12 potions of heal wounds
 u - 32 potions of curing
 v - 4 potions of cancellation
 x - 7 potions of brilliance
 z - 8 potions of mutation
 K - 5 potions of invisibility
 L - 3 potions of magic
 T - 4 potions of might
 U - 6 potions of ambrosia
 X - a potion of resistance
Miscellaneous
 q - a phantom mirror
 B - a condenser vane (inert)
 R - a tin of tremorstones (2/2)


   Skills:
 - Level 25.0 Fighting
 - Level 12.0 Polearms
 + Level 14.9 Throwing
 - Level 6.7 Armour
 - Level 15.0 Dodging
 - Level 5.0 Stealth
 - Level 16.0 Shields
 - Level 25.0 Unarmed Combat
 + Level 13.7 Spellcasting
 - Level 17.0 Necromancy
 - Level 4.0 Translocations
 - Level 12.5 Transmutations
 + Level 15.1 Earth Magic
 - Level 18.0 Invocations
 - Level 10.6 Evocations


You had 12 spell levels left.
You knew the following spells:

 Your Spells              Type           Power      Damage    Failure   Level
a - Blink                 Tloc           N/A        N/A       1%          2
b - Apportation           Tloc           100%       N/A       1%          1
c - Passwall              Tmut/Erth      80%        N/A       0%          2
d - Animate Skeleton      Necr           100%       N/A       0%          1
e - Statue Form           Tmut/Erth      64%        N/A       1%          6
f - Necromutation         Tmut/Necr      61%        N/A       7%          8
g - Infestation           Necr           64%        N/A       2%          8
h - Shatter               Erth           50%        3d38*     65%         9
i - Passage of Golubria   Tloc           N/A        N/A       1%          4

Your spell library contained the following spells:

 Spells                   Type           Power      Damage    Failure   Level
 Beastly Appendage        Tmut           100%       N/A       0%          1
 Pain                     Necr           100%       1d9       0%          1
 Sandblast                Erth           100%       2d20      0%          1
 Sublimation of Blood     Necr           64%        N/A       0%          2
 Wereblood                Tmut           92%        N/A       0%          2
 Vampiric Draining        Necr           64%        2d15      0%          3
 Animate Dead             Necr           64%        N/A       0%          4
 Dispel Undead            Necr           100%       3d31      0%          4
 Corona                   Hex            31%        N/A       1%          1
 Foxfire                  Conj/Fire      100%       2x1d9     1%          1
 Magic Dart               Conj           100%       1d8       1%          1
 Sting                    Tmut/Pois      100%       1d8       1%          1
 Summon Small Mammal      Summ           100%       N/A       1%          1
 Call Imp                 Summ           28%        N/A       1%          2
 Corpse Rot               Necr/Air       N/A        N/A       1%          2
 Ensorcelled Hibernation  Hex/Ice        56%        N/A       1%          2
 Poisonous Vapours        Pois/Air       56%        N/A       1%          2
 Searing Ray              Conj           56%        3d5       1%          2
 Slow                     Hex            28%        N/A       1%          2
 Static Discharge         Conj/Air       28%        N/A       1%          2
 Confusing Touch          Hex            28%        N/A       1%          3
 Conjure Flame            Conj/Fire      28%        6-21      1%          3
 Dazzling Flash           Conj/Hex       56%        N/A       1%          3
 Frozen Ramparts          Ice            56%        1d7       1%          3
 Gell's Gravitas          Tloc           28%        N/A       1%          3
 Ignite Poison            Fire/Tmut/Pois 58%        N/A       1%          3
 Inner Flame              Hex/Fire       28%        N/A       1%          3
 Lesser Beckoning         Tloc           28%        N/A       1%          3
 Mephitic Cloud           Conj/Pois/Air  28%        N/A       1%          3
 Ozocubu's Armour         Ice            28%        N/A       1%          3
 Portal Projectile        Hex/Tloc       88%        N/A       1%          3
 Spider Form              Tmut/Pois      34%        N/A       1%          3
 Stone Arrow              Conj/Erth      100%       3d13      1%          3
 Summon Guardian Golem    Hex/Summ       28%        N/A       1%          3
 Swiftness                Air            28%        N/A       1%          3
 Teleport Other           Tloc           57%        N/A       1%          3
 Tukima's Dance           Hex            28%        N/A       1%          3
 Animate Armour           Summ/Erth      100%       N/A       1%          4
 Ice Form                 Ice/Tmut       68%        N/A       1%          4
 Iskenderun's Mystic Bla  Conj/Tloc      44%        2d10      1%          4
 Petrify                  Tmut/Erth      96%        N/A       1%          4
 Agony                    Necr           100%       N/A       1%          5
 Alistair's Intoxication  Tmut/Pois      45%        N/A       1%          5
 Blade Hands              Tmut           46%        N/A       1%          5
 Bolt of Magma            Conj/Fire/Erth 31%        4d14      1%          5
 Borgnjor's Vile Clutch   Necr/Erth      63%        N/A       1%          5
 Excruciating Wounds      Necr           64%        N/A       1%          5
 Irradiate                Conj/Tmut      34%        3d25      1%          5
 Lee's Rapid Deconstruct  Erth           50%        3d25*     1%          5
 Yara's Violent Unravell  Hex/Tmut       34%        3d14      1%          5
 Death Channel            Necr           64%        N/A       1%          6
 Manifold Assault         Tloc           57%        N/A       2%          5
 Simulacrum               Ice/Necr       49%        N/A       2%          6
 Dragon Form              Tmut           46%        N/A       2%          7
 Borgnjor's Revivificati  Necr           64%        N/A       2%          8
 Iron Shot                Conj/Erth      37%        9d7       3%          6
 Airstrike                Air            14%        N/A       4%          4
 Cause Fear               Hex            14%        N/A       4%          4
 Fulminant Prism          Conj/Hex       14%        3d9       4%          4
 Hailstorm                Conj/Ice       28%        3d8       4%          4
 Olgreb's Toxic Radiance  Pois           28%        N/A       4%          4
 Sticky Flame             Conj/Fire      28%        2d5       4%          4
 Summon Ice Beast         Ice/Summ       28%        N/A       4%          4
 Summon Lightning Spire   Summ/Air       28%        N/A       4%          4
 Eringya's Noxious Bog    Tmut/Pois      34%        N/A       5%          6
 Summon Forest            Summ/Tloc      22%        N/A       6%          5
 Freezing Cloud           Conj/Ice/Air   14%        6-21      12%         5
 Lightning Bolt           Conj/Air       14%        1d27      12%         5
 Metabolic Englaciation   Hex/Ice        14%        N/A       12%         5
 Silence                  Hex/Air        14%        N/A       12%         5
 Summon Mana Viper        Hex/Summ       28%        N/A       12%         5
 Haunt                    Necr/Summ      49%        N/A       12%         7
 Storm Form               Tmut/Air       34%        N/A       28%         7
 Death's Door             Necr           64%        N/A       38%         9
 Conjure Ball Lightning   Conj/Air       14%        3x3d6     52%         6
 Invisibility             Hex            14%        N/A       52%         6
 Shadow Creatures         Summ           N/A        N/A       52%         6
 Starburst                Conj/Fire      14%        8x6d6     52%         6
 Lehudib's Crystal Spear  Conj/Erth      37%        10d9      77%         8
 Malign Gateway           Summ/Tloc      22%        N/A       82%         7
 Monstrous Menagerie      Summ           14%        N/A       97%         7
 Orb of Destruction       Conj           14%        9d7       97%         7
 Ozocubu's Refrigeration  Ice            14%        4d7       97%         7
 Spellforged Servitor     Conj/Summ      14%        N/A       97%         7
 Summon Hydra             Summ           14%        N/A       97%         7
 Disjunction              Tloc           28%        N/A       99%         8
 Discord                  Hex            14%        N/A       100%        8
 Ignition                 Fire           14%        3d6       100%        8
 Summon Horrible Things   Summ           14%        N/A       100%        8
 Dragon's Call            Summ           14%        N/A       100%        9
 Polar Vortex             Ice            14%        N/A       100%        9


Dungeon Overview and Level Annotations

Branches:
Dungeon (15/15)            Temple (1/1) D:5            Lair (6/6) D:10
 Shoals (4/4) Lair:3        Snake (4/4) Lair:4        Slime (5/5) Lair:6
    Orc (2/2) D:9             Elf (3/3) Orc:2        Vaults (5/5) D:13
  Crypt (3/3) Vaults:3       Tomb (3/3) Crypt:3      Depths (5/5) D:15
   Hell (visited)             Dis (0/7) Hell            Geh (0/7) Hell
    Coc (0/7) Hell            Tar (1/7) Hell            Zot (5/5) Depths:5

Altars:
Ashenzari
Cheibriados
Dithmenos
Elyvilon
Gozag
Kikubaaqudgha
Makhleb
Nemelex Xobeh
Okawaru
Qazlal
Ru
Sif Muna
Trog
Uskayaw
Vehumet
Wu Jian
Xom
Yredelemnul
Zin
The Shining One
Beogh
Jiyva
Lugonu

Shops:
D:2 [   D:7 !*   D:12 *   Orc:2 [:[!   Shoals:2 ([:(   Snake:2 **?   Snake:3 *:
Vaults:3 (   Vaults:4 *   Depths:4 =::   Depths:5 [

Portals:
Hell: Depths:1 Depths:2 Depths:3 Depths:4
Abyss: Depths:1 Depths:2 Depths:3 Depths:4
Pandemonium: Depths:3

Annotations:
D:12 3 runed translucent doors, gimp's ghost, journeyman HuDe
Lair:2 2 transporters
Elf:1 Jorgrun
Elf:2 3 runed translucent doors
Depths:5 1 exclusion


Innate Abilities, Weirdness & Mutations

You are an undead lich.
Your unarmed attacks are suffused with negative energy.
You are immune to unholy pain and torment.
Your necromantic spells are more powerful.
You are immune to poison.
You cannot drink.
You are too large for most types of armour.
You have claws for hands.
Your natural rate of healing is unusually fast.
You are covered in fur. (AC +1)
You have tough skin. (AC +1)
You have an increased reservoir of magic. (+10% MP)
You are strong-willed. (Will+)


Message History

Deactivating autopickup; reactivate with Ctrl-A.
You block the doom hound's attack. The doom hound claws you.
The Tzitzimitl completely misses you. You block the Tzitzimitl's attack. x2
The Tzitzimitl bites you but does no damage.
The shadow demon hits you but does no damage.
The Tzitzimitl engulfs you! The Tzitzimitl closely misses you.
Something barely misses you.
The doom hound bites you but does no damage.
The doom hound misses you.
The Tzitzimitl engulfs you but does no damage.
The Tzitzimitl bites you but does no damage.
The Tzitzimitl gestures at you.
You convulse!
The shadow demon hits you. The Tzitzimitl completely misses you.
You block the Tzitzimitl's attack. "Die, mortal!"
A bone dragon, a Tzitzimitl, a necrophage and a skeleton come into view.
You can feel time thicken for a moment.
You kill the shadow demon!
Cheibriados thoroughly appreciates the change of pace.
You destroy the necrophage!
Cheibriados appreciates the change of pace.
You destroy the freezing wraith!
Cheibriados thoroughly appreciates the change of pace.
You destroy the vampire mage!
Cheibriados thoroughly appreciates the change of pace.
The flayed ghost disappears in a puff of smoke!
The cane toad zombie disappears in a puff of smoke!
You destroy the necrophage!
Cheibriados appreciates the change of pace.
The infernal howling subsides.
Something touches you but does no damage.
The doom hound unleashes a terrible howl, and it begins to echo in your mind!
The Tzitzimitl gestures at you.
You convulse!
* * * LOW HITPOINT WARNING * * *
The Tzitzimitl gestures at you.
You convulse!
* * * LOW HITPOINT WARNING * * *
Something touches you!
You die...

...... .... ## ....
..# .'' .... #'++++
....# #Z[§§++++
.....##1§{§§§.+
......○§L11§§.+ '.##
# ......§h1D§§§.+
'...#####
...##.§1§Z§§§.+
'........ .
##.§++§§'++
'........
##'++++++++'........
#'''''''''' #......
#####...##..#
#......
##..##...#..#
#......
#..........##
#.....#


You could see a bone dragon, a Hell Sentinel (summoned), a doom hound, 4
Tzitzimimeh, a merfolk zombie and a stone giant skeleton.

Vanquished Creatures
  the Royal Jelly (Slime:5)
  4 dread liches
  9 ancient liches
  Khufu (Crypt:2)
  5 orbs of fire
  Mennas (Vaults:5)
  Mara (Crypt:3)
  3 juggernauts
  Boris (twice) (Depths:3 Depths:5)
  35 royal mummies
  Frederick (Crypt:2)
  Vashnia (Snake:4)
  10 Killer Klowns
  Margery (Depths:3)
  3 pandemonium lords (Zig:9)
  2 curse toes
  6 caustic shrikes
  Geryon (Hell)
  3 profane servitors (Zig:15)
  15 golden dragons
  Jory (Crypt:3)
  6 bone dragons
  5 Tzitzimimeh (Tar:1)
  4 electric golems
  2 doom hounds (Tar:1)
  A Brimstone Fiend (Zig:10)
  The ghost of Okotesic the Hoplite, an adept MiBe of Trog (Depths:1)
  An Ice Fiend (Zig:4)
  25 Orb Guardians (Zot:5)
  18 tentacled monstrosities
  4 deep elf blademasters
  10 titans
  13 liches
  5 quicksilver dragons
  Asterion (Snake:4)
  4 deep elf master archers
  15 acid blobs
  A quicksilver dragon (shapeshifter) (Zig:10)
  A sphinx (shapeshifter) (Zig:10)
  An Executioner (Tomb:3)
  18 sphinxes
  20 ancient champions
  4 death cobs
  An eldritch tentacle (Tomb:2)
  Gastronok (Lair:1)
  15 storm dragons
  10 tengu reavers
  13 shadow dragons
  Ilsuiw (Shoals:4)
  Donald (Shoals:4)
  14 draconian monks
  10 rockslimes
  9 revenants
  14 fire giants
  Kirke (Lair:5)
  10 azure jellies
  The ghost of Jisity the Bludgeoner, an adept HuFi of Okawaru (Orc:1)
  14 nagarajas
  An azure jelly (shapeshifter) (Zig:9)
  17 frost giants
  12 draconian scorchers
  19 deep elf sorcerers
  5 ghost moths
  A balrug (Depths:3)
  9 draconian knights
  17 vault wardens
  2 orc warlords
  9 ghouls
  11 draconian stormcallers
  3 emperor scorpions
  7 curse skulls
  6 iron dragons
  15 ironbound preservers
  6 war gargoyles
  16 draconian shifters
  5 draconian annihilators
  2 quicksilver oozes
  3 juggernaut skeletons (Zig:16)
  5 spriggan defenders
  3 blood saints
  33 stone giants
  30 very ugly things
  5 deep elf elementalists
  The ghost of mumross the Bludgeoner, a journeyman HuBe of Trog (Lair:6)
  14 bennus
  16 reapers
  24 black draconians
  2 lorocyprocas (Hell)
  A stone giant (shapeshifter) (Depths:2)
  29 vampire knights
  A black sun (Zig:13)
  8 green draconians
  13 deep elf annihilators
  4 dire elephants (Vaults:1)
  14 yellow draconians
  11 red draconians
  23 deep elf demonologists
  17 purple draconians
  16 white draconians
  2 entropy weavers
  16 eidola
  20 spark wasps
  A quicksilver dragon zombie (Crypt:3)
  20 ettins
  6 jiangshi
  16 deep elf death magi
  6 merfolk javelineers
  12 merfolk impalers
  16 fire dragons
  25 mummy priests
  16 yaktaur captains
  2 blizzard demons (Hell)
  3 crystal guardians
  A fire dragon (shapeshifter) (Depths:4)
  15 great orbs of eyes
  16 deep elf high priests
  2 quicksilver dragon skeletons
  6 hydras
  5 rakshasas
  7 ice dragons
  5 merfolk avatars
  33 vault guards
  3 peacekeepers
  6 salamander tyrants
  18 spriggan air magi
  5 boulder beetles
  8 naga warriors
  5 alligator snapping turtles
  3 catoblepae
  An alligator snapping turtle (shapeshifter) (Zig:10)
  6 death knights
  An ice dragon (shapeshifter) (Zig:14)
  9 ironbound thunderhulks
  7 anacondas
  8 centaur warriors
  6 ironbound frosthearts
  22 two-headed ogres
  6 merfolk aquamancers
  9 ogre magi
  10 deep troll shamans
  30 dancing weapons
  8 death yaks
  A satyr (Zig:13)
  10 hell hogs (Hell)
  13 deep troll earth magi
  47 death scarabs
  13 tengu warriors
  24 vampire magi
  A shock serpent (shapeshifter) (Depths:2)
  8 spriggan berserkers
  2 sun demons
  4 spriggans
  2 titan zombies
  7 ironbound beastmasters
  16 hell knights
  21 naga sharpshooters
  2 orc high priests
  14 deep elf knights
  A titan skeleton (Crypt:3)
  A fire crab (Lair:5)
  40 skeletal warriors
  A wretched star (Zig:1)
  2 storm dragon zombies
  8 shock serpents
  13 soul eaters
  8 iron trolls
  Sonja (Orc:2)
  3 shadow wraiths
  2 death drakes
  37 deep trolls
  3 anaconda zombies
  3 storm dragon skeletons
  4 shadow demons
  3 bog bodies (Crypt:1)
  17 sea snakes
  2 salamander mystics
  4 orange crystal statues
  10 lindwurms
  8 flayed ghosts
  2 ghost moth zombies
  A swamp dragon (shapeshifter) (Zig:4)
  6 glowing orange brains
  15 deep elf archers
  15 wizards
  24 phantasmal warriors
  11 harpies
  2 anaconda skeletons
  A sphinx zombie (Zig:8)
  A shadow dragon zombie (Crypt:3)
  6 naga ritualists
  27 necromancers
  16 ironbound convokers
  41 deep elf pyromancers
  5 wolf spider zombies
  35 deep elf zephyrmancers
  An obsidian statue (Zig:4)
  4 fire giant zombies
  4 wolf spiders
  A golden dragon skeleton (Depths:2)
  A stone giant zombie (Depths:1)
  An iron dragon zombie (Zig:16)
  A mana viper (shapeshifter) (Depths:5)
  A shining eye (shapeshifter) (Zig:10)
  8 cyclopes
  An oklob plant (Lair:3)
  7 fauns
  6 mana vipers
  14 orc knights
  4 shining eyes
  62 ugly things
  A manticore (shapeshifter) (Vaults:5)
  8 orc sorcerers
  5 salamanders
  2 frost giant zombies
  4 frost giant skeletons
  4 fire giant skeletons
  A shadow dragon skeleton (Hell)
  9 manticores
  A moth of wrath (shapeshifter) (Zig:14)
  2 shock serpent zombies (Crypt:3)
  9 elephants
  16 naga magi
  10 guardian serpents
  24 moths of wrath
  9 merfolk sirens
  8 water nymphs
  A water nymph (shapeshifter) (Elf:2)
  2 stone giant skeletons
  2 apocalypse crabs
  A guardian serpent (shapeshifter) (Zig:14)
  8 smoke demons
  17 vault sentinels
  2 eyes of devastation
  10 rust devils
  5 ice statues
  A dire elephant zombie (Hell)
  6 orange demons
  50 black mambas
  A gargoyle (D:11)
  A storm dragon simulacrum (Hell)
  4 molten gargoyles (Hell)
  19 cane toads
  2 torpor snails
  2 sea snake zombies (Hell)
  2 komodo dragons (shapeshifter)
  A white draconian zombie (Crypt:1)
  2 hellions
  A rime drake (shapeshifter) (Zig:14)
  3 demonic crawlers (Hell)
  An unseen horror (D:10)
  7 rime drakes
  An efreet (D:13)
  12 freezing wraiths
  15 yaktaurs
  6 tormentors
  A yaktaur skeleton (Vaults:2)
  4 tengu conjurers
  A death yak skeleton (Crypt:1)
  15 komodo dragons
  8 ice devils
  A purple draconian skeleton (Crypt:2)
  A redback zombie (D:13)
  An elf skeleton (Zig:16)
  2 red devils
  A silent spectre (Zig:16)
  A harpy zombie (Crypt:3)
  13 hellwings (Crypt:3)
  47 guardian mummies
  A sea snake skeleton (Hell)
  7 hornets
  2 polar bears (Lair:3)
  8 trolls
  A troll (shapeshifter) (Elf:1)
  A jumping spider (Crypt:3)
  2 hydra zombies
  22 merfolk
  4 harpy skeletons
  13 blink frogs
  Grinder (D:3)
  A raiju (Zig:8)
  12 snapping turtles
  4 wind drakes
  4 elf zombies
  85 slime creatures
  4 hydra skeletons
  3 meliai zombies (D:13)
  A slime creature (shapeshifter) (Zig:4)
  15 dream sheep
  A dream sheep (shapeshifter) (Vaults:5)
  37 flying skulls
  7 redbacks
  A black mamba zombie (Hell)
  A tarantella (Zig:2)
  An ettin skeleton (Crypt:3)
  An alligator skeleton (Tar:1)
  13 wraiths
  2 ice dragon skeletons
  21 water elementals
  6 fire elementals
  2 shadows (Zig:16)
  2 fire dragon skeletons
  70 yaks
  A spriggan (shapeshifter) (Depths:2)
  8 air elementals
  13 ushabtiu
  3 wyverns
  2 chaos spawn (Zig:10)
  2 basilisks
  11 golden eyes (Slime:5)
  2 hogs (Lair:5)
  A sea snake simulacrum (Hell)
  5 vampire mosquitoes
  A small abomination (Zig:1)
  A tengu zombie (Depths:1)
  4 steam dragons
  6 wargs
  33 nagas
  A spriggan simulacrum (Depths:2)
  A merfolk zombie (Crypt:3)
  5 hell hounds
  18 water moccasins
  Duvessa (D:4)
  A floating eye (Zig:4)
  2 floating eyes (shapeshifter)
  39 orc warriors
  A sky beast (shapeshifter) (Vaults:5)
  A black bear (Lair:3)
  2 hydra simulacra
  3 snapping turtle zombies
  8 necrophages
  A hornet zombie (D:13)
  10 wolves
  10 centaurs
  A snapping turtle skeleton (Hell)
  38 ogres
  A dream sheep skeleton (Crypt:2)
  2 human skeletons
  A swamp dragon skeleton (Tar:1)
  2 phantoms
  A kobold brigand (D:9)
  13 bullfrogs
  Blork the orc (D:4)
  4 gnoll sergeants
  3 earth elementals
  2 scorpions
  12 wyvern skeletons (Crypt:3)
  A water moccasin zombie (D:5)
  Dowan (D:4)
  5 killer bees (D:8)
  4 spriggan zombies
  14 wights
  4 spriggan skeletons
  2 electric eels
  9 centaur zombies
  2 bullfrog zombies (D:7)
  4 jellies
  2 hounds
  17 orc priests
  An iron imp (Zig:1)
  2 gnoll shamans
  20 orc wizards
  An iguana (D:5)
  An acid dragon zombie (Crypt:2)
  A human simulacrum (Crypt:2)
  45 mummies
  2 howler monkey zombies
  34 gnolls
  A howler monkey skeleton (D:5)
  3 adders
  8 shadow imps
  2 white imps
  2 adder zombies
  6 worms
  A dart slug (D:1)
  56 orcs
  4 ball pythons
  6 endoplasms
  5 giant cockroaches
  5 goblins
  8 hobgoblins
  6 jackals
  6 quokkas
  7 bats
  6 frilled lizards
  A frilled lizard skeleton (Crypt:1)
  11 kobolds
  A kobold zombie (Tomb:1)
  An orc skeleton (Crypt:2)
  6 rats
  A butterfly (Lair:6)
3272 creatures vanquished.

Vanquished Creatures (collateral kills)
  A nagaraja (Snake:4)
  A naga sharpshooter (Snake:4)
  A yak (Lair:6)
3 creatures vanquished.

Vanquished Creatures (others)
  A tengu reaver (Zig:14)
  A nagaraja (Zig:15)
  2 fire giants (Depths:3)
  3 draconian knights
  A merfolk javelineer (Zig:13)
  A merfolk impaler (Zig:13)
  A boulder beetle (Zig:14)
  An ogre mage (Vaults:5)
  A hell hog (Hell)
  2 shadow wraiths
  A flayed ghost (Zig:10)
  A deep elf pyromancer (Zig:16)
  A deep elf zephyrmancer (Elf:3)
  An ugly thing (Zig:9)
  A manticore (Zig:13)
  A water nymph (Zig:13)
  A merfolk (Zig:13)
  2 water elementals
  A golden eye (Zig:4)
  A wight (D:7)
  A white imp (D:7)
  A demonic plant (Abyss:3)
  41 fungi
  81 plants
  20 withered plants (Crypt:3)
169 creatures vanquished.

Grand Total: 3444 creatures vanquished

Notes
Turn   | Place    | Note
-------+----------+-------------------------------------------
     0 | D:1      | frimble the Troll Warper began the quest for the Orb.
     0 | D:1      | Reached XP level 1. HP: 19/19 MP: 1/1
    35 | D:1      | Reached skill level 1 in Throwing
    73 | D:1      | Reached XP level 2. HP: 28/28 MP: 3/3
   680 | D:2      | Found a faded altar of an unknown god.
  1053 | D:2      | Reached XP level 3. HP: 31/35 MP: 4/4
  1273 | D:2      | Found Edwi Cae's Armour Boutique.
  1714 | D:3      | Reached XP level 4. HP: 11/42 MP: 5/5
  1774 | D:3      | Reached skill level 1 in Shields
  1928 | D:3      | Reached XP level 5. HP: 50/50 MP: 6/6
  2120 | D:3      | Noticed Grinder
  2140 | D:3      | Killed Grinder
  2141 | D:3      | Reached XP level 6. HP: 48/59 MP: 7/7
  2201 | D:3      | Learned a level 2 spell: Blink
  2499 | D:4      | Noticed Dowan
  2545 | D:4      | Killed Dowan
  2553 | D:4      | Noticed Duvessa
  2767 | D:4      | Killed Duvessa
  2820 | D:4      | Reached XP level 7. HP: 67/67 MP: 8/8
  2887 | D:4      | Noticed Blork the orc
  2901 | D:4      | Gained mutation: Your flesh is cold resistant. (rC+)
                  | [potion of mutation]
  2904 | D:4      | Killed Blork the orc
  3607 | D:5      | Entered Level 5 of the Dungeon
  3888 | D:5      | Reached skill level 5 in Unarmed Combat
  3888 | D:5      | Reached XP level 8. HP: 47/78 MP: 9/9
  4046 | D:5      | Found a staircase to the Ecumenical Temple.
  5281 | D:6      | Identified the +10 whip of Eternal Night {flame, Str+5
                  | Stlth-}
  5887 | D:7      | Reached skill level 5 in Fighting
  5926 | D:7      | Reached XP level 9. HP: 61/88 MP: 10/10
  6042 | D:7      | Reached skill level 1 in Evocations
  6056 | D:7      | Reached skill level 5 in Shields
  6064 | D:7      | Found Dawaf's Distillery.
  6304 | D:7      | Found Diysetes's General Store.
  6312 | D:7      | Bought 2 potions of heal wounds for 100 gold pieces
  6312 | D:7      | Bought a potion of curing for 30 gold pieces
  6312 | D:7      | Bought a scroll of teleportation for 30 gold pieces
  6445 | D:7      | Found a sacrificial altar of Ru.
  6446 | D:7      | Found a basalt altar of Yredelemnul.
  6451 | D:7      | Found a sparkling altar of Nemelex Xobeh.
  6452 | D:7      | Found a hide-covered altar of Uskayaw.
  6452 | D:7      | Found a white marble altar of Elyvilon.
  6453 | D:7      | Found a shimmering altar of Xom.
  6454 | D:7      | Found a shimmering blue altar of Sif Muna.
  7374 | D:8      | Reached XP level 10. HP: 88/98 MP: 11/11
  8049 | D:9      | Noticed a two-headed ogre
  8108 | D:9      | Killed a two-headed ogre
  8662 | D:9      | Found a staircase to the Orcish Mines.
  9124 | D:10     | Entered Level 10 of the Dungeon
  9298 | D:10     | Identified the +8 short sword "Kiwkeokk" {drain, +Rage
                  | Will+ Str+3}
  9356 | D:10     | Noticed a two-headed ogre
  9356 | D:10     | Noticed a manticore
  9362 | D:10     | Killed a two-headed ogre
  9374 | D:10     | Killed a manticore
  9375 | D:10     | Reached XP level 11. HP: 56/109 MP: 12/12
  9663 | D:10     | Found a staircase to the Lair.
  9883 | D:10     | Found a glowing golden altar of the Shining One.
  9909 | D:10     | Noticed a centaur warrior
  9926 | D:10     | HP: 4/109 [centaur warrior (3)]
  9931 | D:10     | Killed a centaur warrior
 10650 | D:11     | You fall into a shaft and drop 1 floor!
 10666 | D:12     | Noticed a two-headed ogre
 10688 | D:12     | Killed a two-headed ogre
 10701 | D:12     | Reached skill level 5 in Throwing
 10771 | D:12     | Noticed a two-headed ogre
 10789 | D:12     | Killed a two-headed ogre
 10790 | D:12     | Reached skill level 1 in Stealth
 11041 | D:12     | Noticed a two-headed ogre
 11077 | D:12     | Killed a two-headed ogre
 11078 | D:12     | Noticed a five-headed hydra
 11112 | D:12     | Identified the +5 ring mail of Ippua {rElec}
 11179 | D:11     | Noticed an eight-headed hydra
 11200 | D:11     | Killed an eight-headed hydra
 11398 | D:11     | You fall into a shaft and drop 3 floors!
 11398 | D:14     | Noticed a brown ugly thing
 11398 | D:14     | Noticed a brown ugly thing
 11398 | D:14     | Noticed a brown ugly thing
 11398 | D:14     | Noticed a brown ugly thing
 11399 | D:14     | Noticed a brown ugly thing
 11405 | D:14     | Noticed a brown ugly thing
 11406 | D:14     | Killed a brown ugly thing
 11412 | D:14     | Killed a brown ugly thing
 11413 | D:14     | Reached skill level 10 in Unarmed Combat
 11418 | D:14     | Killed a purple ugly thing
 11418 | D:14     | Killed a brown ugly thing
 11419 | D:14     | Reached XP level 12. HP: 103/122 MP: 13/13
 11533 | D:14     | Noticed a death knight
 11817 | D:13     | Found a basalt altar of Yredelemnul.
 11916 | D:13     | Noticed a two-headed ogre
 11917 | D:13     | Noticed a catoblepas
 12351 | D:11     | Killed a five-headed hydra
 12706 | D:12     | Found a runed translucent gate.
 12706 | D:12     | Found a runed translucent gate.
 12707 | D:12     | Found an opulent altar of Gozag.
 12708 | D:12     | Found a runed translucent gate.
 12709 | D:12     | Found Emeniz's Assorted Antiques.
 12709 | D:12     | Noticed a catoblepas
 12710 | D:12     | Noticed gimp's ghost (journeyman HuDe)
 13412 | D:13     | Killed a two-headed ogre
 13546 | D:14     | Noticed a two-headed ogre
 13551 | D:14     | Killed a two-headed ogre
 13564 | D:14     | Reached XP level 13. HP: 108/133 MP: 14/14
 13610 | D:14     | Reached skill level 10 in Fighting
 13654 | D:14     | Reached skill level 5 in Stealth
 14414 | D:13     | Noticed an ironbound preserver
 14492 | D:13     | Killed an ironbound preserver
 14515 | D:13     | Found a gate to the Vaults.
 14760 | D:14     | Reached skill level 1 in Armour
 15354 | D:14     | Reached XP level 14. HP: 146/146 MP: 15/15
 15436 | D:15     | Entered Level 15 of the Dungeon
 15927 | D:15     | Reached skill level 5 in Dodging
 16277 | D:15     | Found a sacrificial altar of Ru.
 16447 | D:15     | Found a staircase to the Depths.
 16596 | D:15     | Noticed a stone giant
 16609 | D:15     | Killed a stone giant
 17275 | D:2      | Bought a +0 cloak of preservation for 115 gold pieces
 17366 | Temple   | Entered the Ecumenical Temple
 17375 | Temple   | Became a worshipper of Cheibriados the Contemplative
 17497 | Lair:1   | Entered Level 1 of the Lair of Beasts
 17866 | Lair:1   | Noticed Gastronok
 17881 | Lair:1   | Killed Gastronok
 18317 | Lair:2   | Identified a scroll of acquirement
 18317 | Lair:2   | Acquired 506 gold pieces
 18382 | Lair:2   | Reached * piety under Cheibriados
 18499 | Lair:2   | Identified the ring "Huedehoz" {Ice Dex+8 Slay+3}
 18533 | Lair:2   | Found a transporter.
 18628 | Lair:2   | Found a transporter.
 18706 | Lair:2   | Reached ** piety under Cheibriados
 18961 | Lair:3   | Found a staircase to the Shoals.
 19372 | Lair:3   | Reached skill level 1 in Invocations
 19372 | Lair:3   | Found an iron altar of Okawaru.
 19739 | Lair:4   | Reached skill level 15 in Unarmed Combat
 19751 | Lair:4   | Reached *** piety under Cheibriados
 19883 | Lair:4   | Found a staircase to the Snake Pit.
 19927 | Lair:4   | Reached XP level 15. HP: 150/153 MP: 16/16
 19962 | Lair:4   | Reached **** piety under Cheibriados
 20966 | Lair:5   | Found a basalt altar of Yredelemnul.
 21089 | Lair:5   | Noticed Kirke
 21093 | Lair:5   | Reached skill level 5 in Invocations
 21109 | Lair:5   | Killed Kirke
 21153 | Lair:5   | Reached ***** piety under Cheibriados
 21745 | Lair:5   | Identified the +0 robe "Iwir" {-Tele rElec rN++}
 21765 | Lair:6   | Entered Level 6 of the Lair of Beasts
 21810 | Lair:6   | Found a staircase to the Slime Pits.
 21810 | Lair:6   | Found a viscous altar of Jiyva.
 22250 | Lair:6   | Found a runed translucent door.
 22252 | Lair:6   | Found a shimmering altar of Xom.
 22252 | Lair:6   | Noticed mumross's ghost (journeyman HuBe)
 22327 | Lair:6   | Reached ****** piety under Cheibriados
 23215 | Orc:1    | Entered Level 1 of the Orcish Mines
 23307 | D:9      | Learned a level 1 spell: Apportation
 23315 | D:9      | Learned a level 2 spell: Passwall
 23541 | Orc:1    | Found a runed translucent door.
 23542 | Orc:1    | Noticed Jisity's ghost (adept HuFi)
 23618 | Orc:1    | Killed Jisity's ghost
 23619 | Orc:1    | Reached skill level 1 in Earth Magic
 23646 | Orc:2    | Entered Level 2 of the Orcish Mines
 23646 | Orc:2    | Noticed Sonja
 23653 | Orc:2    | Killed Sonja
 23654 | Orc:2    | Reached skill level 1 in Transmutations
 23657 | Orc:2    | Reached XP level 16. HP: 155/162 MP: 15/21
 23823 | Orc:2    | Found Ryantea's Armour Shoppe.
 23823 | Orc:2    | Found Teboin's Antique Armour Boutique.
 23823 | Orc:2    | Found Bidet's Book Boutique.
 23823 | Orc:2    | Found Bexirgh's Distillery.
 23948 | Orc:2    | Bought a potion of might for 56 gold pieces
 23948 | Orc:2    | Bought a potion of ambrosia for 112 gold pieces
 23948 | Orc:2    | Bought a potion of cancellation for 112 gold pieces
 23948 | Orc:2    | Bought a potion of curing for 42 gold pieces
 23972 | Orc:2    | Found a staircase to the Elven Halls.
 23987 | Orc:2    | Paralysed by an orc sorcerer for 4 turns
 24124 | Orc:2    | Found a radiant altar of Vehumet.
 24563 | Snake:1  | Entered Level 1 of the Snake Pit
 25417 | Orc:2    | Bought a manual of Evocations for 1120 gold pieces
 25708 | Snake:2  | Found Joscheew's General Store.
 25711 | Snake:2  | Found Hadwud's Specific Store.
 25715 | Snake:2  | Bought a potion of resistance for 160 gold pieces
 25715 | Snake:2  | Bought a potion of heal wounds for 80 gold pieces
 25808 | Snake:2  | Found Zemig's Magic Scroll Emporium.
 25816 | Snake:2  | Bought a scroll of identify for 28 gold pieces
 25816 | Snake:2  | Bought a scroll of magic mapping for 49 gold pieces
 25816 | Snake:2  | Bought a scroll of identify for 28 gold pieces
 25816 | Snake:2  | Bought a scroll of acquirement for 728 gold pieces
 25816 | Snake:2  | Bought a scroll of teleportation for 42 gold pieces
 25816 | Snake:2  | Bought a scroll of identify for 28 gold pieces
 25816 | Snake:2  | Bought a scroll of teleportation for 42 gold pieces
 25817 | Snake:2  | Acquired a manual of Invocations
 26172 | Snake:3  | Reached skill level 5 in Earth Magic
 26184 | Snake:3  | Found Dyrun's Book Emporium.
 26215 | Snake:4  | Entered Level 4 of the Snake Pit
 26365 | Snake:3  | Found Danirphe's General Store.
 26676 | Snake:3  | Identified the +6 long sword of Skirmishing {drain, Int+4}
 27789 | Snake:4  | Reached skill level 5 in Evocations
 27879 | Snake:4  | Reached XP level 17. HP: 168/172 MP: 21/23
 28014 | Snake:4  | Noticed Asterion
 28034 | Snake:4  | Killed Asterion
 28035 | Snake:4  | Reached skill level 5 in Transmutations
 28082 | Snake:4  | Acquired a manual of Transmutations
 28320 | Snake:4  | Noticed Vashnia
 28341 | Snake:4  | Reached skill level 10 in Invocations
 28352 | Snake:4  | Killed Vashnia
 28355 | Snake:4  | Got a serpentine rune of Zot
 28826 | Elf:1    | Entered Level 1 of the Elven Halls
 29018 | Elf:1    | Paralysed by an air elemental for 1 turns
 29451 | Elf:1    | Paralysed by an air elemental for 1 turns
 29814 | Elf:2    | Noticed Jorgrun
 29834 | Elf:1    | HP: 6/175 [+0 flail of venom (10)]
 30021 | Elf:2    | Found a runed translucent gate.
 30035 | Elf:2    | Found a runed translucent gate.
 30037 | Elf:2    | Found a runed translucent gate.
 30049 | Elf:2    | Paralysed by an air elemental for 1 turns
 30276 | Elf:2    | Paralysed by an air elemental for 1 turns
 30280 | Elf:2    | Paralysed by an air elemental for 1 turns
 30329 | Elf:2    | Identified the +8 lajatang of Weoqohuz {vorpal, Will++
                  | Str+3 Stlth-}
 30336 | Elf:2    | Reached XP level 18. HP: 114/184 MP: 25/25
 30769 | Elf:3    | Entered Level 3 of the Elven Halls
 30776 | Elf:2    | Cast into level 3 of the Abyss (a deep elf sorcerer)
 30776 | Abyss:3  | Found a corrupted altar of Lugonu.
 30824 | Abyss:3  | Learned a level 7 spell: Storm Form
 30831 | Abyss:3  | Learned a level 6 spell: Statue Form
 30928 | Elf:2    | Escaped the Abyss
 31130 | Vaults:1 | Entered Level 1 of the Vaults
 31148 | D:13     | Gained mutation: You sometimes lose the ability to read
                  | scrolls when taking damage. [mutagenic glow]
 31173 | D:13     | Gained mutation: You are frail. (-10% HP) [mutagenic glow]
 31174 | D:13     | Lost mutation: You sometimes lose the ability to read
                  | scrolls when taking damage. [potion of mutation]
 31174 | D:13     | Lost mutation: You are frail. (-10% HP) [potion of
                  | mutation]
 31174 | D:13     | Gained mutation: Your body sometimes deteriorates upon
                  | taking damage. [potion of mutation]
 31208 | D:13     | Gained mutation: You occasionally shout uncontrollably at
                  | your foes. [mutagenic glow]
 31258 | D:13     | Lost mutation: You occasionally shout uncontrollably at
                  | your foes. [potion of mutation]
 31258 | D:13     | Lost mutation: Your body sometimes deteriorates upon taking
                  | damage. [potion of mutation]
 31258 | D:13     | Lost mutation: Your flesh is cold resistant. (rC+) [potion
                  | of mutation]
 31258 | D:13     | Gained mutation: Your muscles are strong. (Str +2) [potion
                  | of mutation]
 31258 | D:13     | Gained mutation: Your flesh is cold resistant. (rC+)
                  | [potion of mutation]
 31258 | D:13     | Gained mutation: You heal very quickly. [potion of
                  | mutation]
 31876 | Vaults:1 | HP: 4/185 [ironbound beastmaster (19)]
 32952 | Vaults:2 | Identified the ring of Ryxoff {Ice Will+ Int+5}
 33010 | Vaults:2 | Paralysed by a sphinx for 3 turns
 33874 | Vaults:3 | Reached skill level 10 in Evocations
 33886 | Vaults:3 | Reached XP level 19. HP: 193/193 MP: 22/27
 33980 | Vaults:3 | Reached skill level 10 in Transmutations
 34366 | Vaults:3 | Identified the +4 chain mail of Utazaes {Regen+ Str-4
                  | Slay+2 SInv}
 34432 | Vaults:3 | Reached skill level 10 in Earth Magic
 34443 | Vaults:3 | Found the +7 Kryia's mail coat {PotionHeal*2 rC+}
 34559 | Vaults:3 | Found Leish's Antique Weapon Boutique.
 34592 | Vaults:3 | Cast into level 3 of the Abyss (a wizard)
 34638 | Vaults:3 | Escaped the Abyss
 34796 | Vaults:3 | Found a staircase to the Crypt.
 35157 | Vaults:3 | Acquired the +3 shadow dragon scales of the Bard {+Blink
                  | Will++ Stlth++++}
 35571 | Vaults:4 | Found Gaucwudebb's Assorted Antiques.
 35581 | Vaults:4 | Bought a potion of mutation for 216 gold pieces
 36075 | Vaults:4 | Reached skill level 5 in Spellcasting
 36174 | Vaults:4 | Identified a ring "Loetwole" {rF+ rN+ Str+3 Int+6}
 36271 | Vaults:4 | Reached XP level 20. HP: 202/202 MP: 22/29
 37178 | Elf:3    | Identified the +5 spear "Arrin" {freeze, *Corrode Int+2
                  | Dex+2}
 37183 | Elf:3    | Identified the ring "Puoteo Odim" {Fly rPois SInv}
 37398 | Elf:3    | Reached skill level 5 in Armour
 37408 | Elf:3    | Identified the +8 plate armour of Limitation {rPois rC-
                  | rCorr}
 37470 | Elf:3    | Reached skill level 15 in Invocations
 37499 | Elf:3    | Identified the +7 scythe "Lifebane" {flame, Will+ Str+4}
 37499 | Elf:3    | Gained mutation: Your spells are a little easier to cast,
                  | but a little less powerful. [a neqoxec]
 37664 | Elf:3    | Paralysed by an air elemental for 1 turns
 37730 | Elf:3    | Identified the +1 robe of Fisul {Dex+2 Stlth+}
 37863 | Elf:3    | Found the +3 giant club "Skullcrusher" {speed, Str+7}
 38589 | Shoals:1 | Entered Level 1 of the Shoals
 38631 | Shoals:1 | You fall into a shaft and drop 1 floor!
 38764 | Shoals:2 | Found Iwimus's Book Shoppe.
 38776 | Shoals:2 | Found Fiaxzy's Antique Weapon Shoppe.
 38863 | Shoals:2 | Found Yxex's Armour Shoppe.
 38928 | Shoals:2 | Found Wokhiw's Weapon Emporium.
 39317 | Shoals:3 | Found a broken altar of Ashenzari.
 39380 | Shoals:3 | Reached XP level 21. HP: 134/210 MP: 22/31
 39668 | Shoals:4 | Entered Level 4 of the Shoals
 39793 | Shoals:4 | Got a barnacled rune of Zot
 39928 | Shoals:4 | Noticed Donald
 39933 | Shoals:4 | Killed Donald
 39935 | Shoals:4 | Noticed Ilsuiw
 39941 | Shoals:4 | Killed Ilsuiw
 40262 | Shoals:4 | Reached skill level 10 in Shields
 41520 | Crypt:1  | Entered Level 1 of the Crypt
 42575 | Crypt:2  | Noticed Frederick
 42581 | Crypt:2  | Killed Frederick
 42953 | Crypt:2  | Reached XP level 22. HP: 223/223 MP: 29/33
 43064 | Crypt:2  | Noticed a royal mummy
 43073 | Crypt:2  | Noticed Khufu
 43077 | Crypt:2  | Killed a royal mummy
 43085 | Crypt:2  | Killed Khufu
 43086 | Crypt:2  | Noticed a royal mummy
 43091 | Crypt:2  | Killed a royal mummy
 43819 | Crypt:3  | Entered Level 3 of the Crypt
 44131 | Crypt:3  | Found a staircase to the Tomb.
 44308 | Crypt:3  | Found an ancient bone altar of Kikubaaqudgha.
 44493 | Crypt:3  | Found the +5 scythe "Finisher" {speed, eviscerate}
 44494 | Crypt:3  | Noticed an ancient lich
 44505 | Crypt:3  | Killed an ancient lich
 44528 | Crypt:3  | Identified the +0 hand axe of Xibiocw {venom, rF+ rN+
                  | Will+}
 44633 | Crypt:3  | Noticed Mara
 44642 | Crypt:3  | Killed Mara
 44650 | Crypt:3  | Noticed Jory
 44655 | Crypt:3  | Killed Jory
 45023 | Crypt:3  | Identified the ring "Dosoton" {Fly rPois rN+ Int+9 Dex-4}
 45023 | Crypt:3  | Identified the ring of Waujel {rF- rC+ rN+ Str+4 Int+4}
 45671 | Crypt:1  | Reached skill level 15 in Fighting
 45886 | Depths:1 | Entered Level 1 of the Depths
 45915 | Depths:1 | Reached XP level 23. HP: 153/235 MP: 31/35
 46121 | Depths:1 | Found a runed translucent door.
 46122 | Depths:1 | Noticed Okotesic's ghost (adept MiBe)
 46394 | Depths:1 | Found a one-way gate to the infinite horrors of the Abyss.
 46400 | Depths:1 | Found a gateway to Hell.
 46463 | Depths:1 | Found a gateway to a ziggurat.
 46518 | Depths:1 | Found a bloodstained altar of Trog.
 46686 | Depths:1 | Killed Okotesic's ghost
 46865 | Depths:2 | You fall into a shaft and drop 1 floor!
 46876 | Depths:3 | Found a runed translucent door.
 46882 | Depths:3 | Found a runed translucent door.
 47077 | Depths:3 | Noticed Margery
 47100 | Depths:3 | Killed Margery
 47174 | Depths:3 | Reached skill level 10 in Spellcasting
 47274 | Depths:3 | Noticed Boris
 47277 | Depths:3 | Killed Boris
 47305 | Depths:3 | Found a corrupted altar of Lugonu.
 47448 | Depths:3 | Found a one-way gate leading to the halls of Pandemonium.
 48558 | Depths:2 | Reached XP level 24. HP: 172/248 MP: 36/36
 48718 | Depths:2 | Reached skill level 15 in Shields
 49018 | Depths:2 | Noticed a juggernaut
 49034 | Depths:2 | Killed a juggernaut
 49096 | Depths:2 | Found a glowing golden altar of the Shining One.
 49777 | Depths:2 | Paralysed by a sphinx for 3 turns
 50287 | Depths:4 | Reached XP level 25. HP: 133/262 MP: 31/36
 50754 | Depths:4 | Found Fuoho Boki's Jewellery Shoppe.
 50754 | Depths:4 | Found Loixtoqi's Book Shop.
 50755 | Depths:4 | Found Zaonoa Orudd's Book Shop.
 50765 | Depths:4 | Bought a manual of Invocations for 1920 gold pieces
 51443 | Depths:5 | Entered Level 5 of the Depths
 51505 | Depths:5 | Paralysed by a vampire knight for 6 turns
 51584 | Depths:5 | Paralysed by a sphinx for 2 turns
 51866 | Depths:5 | Found Peloaz's Armour Boutique.
 52000 | Depths:5 | Noticed Boris
 52006 | Depths:5 | Killed Boris
 52025 | Depths:5 | Found a white marble altar of Elyvilon.
 52206 | Depths:5 | Found a gate to the Realm of Zot.
 52703 | Vaults:5 | Entered Level 5 of the Vaults
 52735 | Vaults:5 | Reached XP level 26. HP: 276/276 MP: 36/36
 52746 | Vaults:5 | Noticed Mennas
 52787 | Vaults:5 | Killed Mennas
 52791 | Vaults:5 | Reached skill level 10 in Dodging
 52964 | Vaults:5 | Identified the +5 broad axe "Lof Mausch" {holy, +Rage}
 53082 | Vaults:5 | Got a silver rune of Zot
 53406 | Vaults:5 | Acquired 374 gold pieces
 53461 | Vaults:5 | Identified the +12 arbalest "Beum Qaa" {venom, rElec SInv}
 53594 | Vaults:5 | Identified the +10 hand axe of Dust {venom, Int+7 Dex-2}
 53628 | Vaults:5 | Found the +7 Spriggan's Knife {stab, EV+4 Stlth+}
 53643 | Vaults:5 | Identified the +6 scimitar "Notu Zeny" {vorpal, rElec Will+
                  | rCorr Stlth-}
 53907 | Vaults:5 | Identified the +4 trident of the Egg {vorpal, Contam rN+
                  | Str+4 Int-3 Dex+9}
 54475 | Zot:1    | Entered Level 1 of the Realm of Zot
 54532 | Zot:1    | Reached XP level 27. HP: 237/291 MP: 31/36
 54954 | Zot:2    | Noticed an orb of fire
 54957 | Zot:2    | Killed an orb of fire
 56462 | Zot:3    | Identified the +9 quick blade of Okawaru's Generosity
                  | {flame, Drain Fly rF+}
 57571 | Zot:4    | Reached skill level 15 in Dodging
 57627 | Zot:5    | Entered Level 5 of the Realm of Zot
 58231 | Zot:5    | Noticed an orb of fire
 58235 | Zot:5    | Gained mutation: You are clumsy. (Dex -2) [an orb of fire]
 58237 | Zot:5    | Gained mutation: You are very clumsy. (Dex -4) [an orb of
                  | fire]
 58237 | Zot:5    | Gained mutation: Your spells are easier to cast, but less
                  | powerful. [an orb of fire]
 58239 | Zot:5    | Gained mutation: You are dopey. (Int -2) [an orb of fire]
 58240 | Zot:5    | Killed an orb of fire
 58243 | Zot:5    | Noticed an orb of fire
 58245 | Zot:5    | Gained mutation: You occasionally shout uncontrollably at
                  | your foes. [an orb of fire]
 58249 | Zot:5    | Killed an orb of fire
 58262 | Zot:5    | Noticed an ancient lich
 58265 | Zot:5    | Killed an ancient lich
 58271 | Zot:5    | Noticed a dread lich
 58274 | Zot:5    | Paralysed by something for 5 turns
 58279 | Zot:5    | Killed a dread lich
 58336 | Zot:5    | Noticed an orb of fire
 58338 | Zot:5    | Gained mutation: Your magical capacity is low. (-10% MP)
                  | [an orb of fire]
 58347 | Zot:5    | Killed an orb of fire
 58465 | Zot:5    | Noticed an orb of fire
 58467 | Zot:5    | Noticed an ancient lich
 58469 | Zot:5    | Killed an orb of fire
 58491 | Zot:5    | Noticed an ancient lich
 58711 | Zot:5    | Killed an ancient lich
 58808 | Zot:5    | Killed an ancient lich
 59334 | Zig:1    | Entered Level 1 of a ziggurat
 59337 | Zig:1    | Learned a level 1 spell: Animate Skeleton
 59359 | Zig:2    | Entered Level 2 of a ziggurat
 59394 | Zig:3    | Entered Level 3 of a ziggurat
 59420 | Zig:3    | Reached skill level 1 in Necromancy
 59448 | Zig:4    | Entered Level 4 of a ziggurat
 59484 | Zig:5    | Entered Level 5 of a ziggurat
 59489 | Zig:5    | Found the +2 robe of Vines {NoPotionHeal Regen+++}
 59533 | Zig:6    | Entered Level 6 of a ziggurat
 59661 | Zig:7    | Entered Level 7 of a ziggurat
 59671 | Zig:7    | Found the +9 staff of Olgreb {rPois∞}
 59718 | Zig:8    | Entered Level 8 of a ziggurat
 59749 | Zig:8    | Identified the ring "Geptu" {Str+4 Dex+6}
 59767 | Zig:9    | Entered Level 9 of a ziggurat
 59775 | Zig:9    | Found the +3 pair of seven-league boots {Rampage+∞}
 59857 | Zig:10   | Entered Level 10 of a ziggurat
 59865 | Zig:10   | Noticed an ancient lich
 59896 | Zig:10   | Killed an ancient lich
 59978 | Zig:11   | Entered Level 11 of a ziggurat
 59989 | Zig:11   | Paralysed by an air elemental for 1 turns
 60060 | Zig:11   | Identified the +8 dagger of the Gloaming {vorpal, rF+
                  | Str+4}
 60064 | Zig:11   | Identified the ring "Tyijero" {rF- rN+++ Will+++ rCorr
                  | Str-4}
 60076 | Zig:11   | Identified the +7 battleaxe "Quasuff" {vorpal, Drain Str+6
                  | Dex+3}
 60095 | Zig:12   | Entered Level 12 of a ziggurat
 60178 | Zig:12   | Reached skill level 10 in Necromancy
 60196 | Zig:13   | Entered Level 13 of a ziggurat
 60250 | Zig:13   | Acquired the +8 lance "Wyrmbane" {slay drac, rPois rF+ rC+
                  | AC+3}
 60251 | Zig:13   | Found the +8 lance "Wyrmbane" {slay drac, rPois rF+ rC+
                  | AC+3}
 60252 | Zig:13   | Acquired the Handbook of Mutagenic Enchantment
 60402 | Zig:13   | Found the +7 captain's cutlass {speed, disarm}
 60408 | Zig:13   | Paralysed by a floating eye for 2 turns
 60409 | Zig:13   | Identified the ring "Huisiq Ocock" {Wiz Str+3}
 60410 | Zig:13   | Paralysed by a floating eye for 3 turns
 60414 | Zig:13   | Paralysed by a floating eye for 2 turns
 60417 | Zig:13   | Paralysed by a floating eye for 4 turns
 60422 | Zig:13   | Paralysed by a floating eye for 4 turns
 60427 | Zig:14   | Entered Level 14 of a ziggurat
 60437 | Zig:14   | Learned a level 8 spell: Necromutation
 60709 | Zig:15   | Entered Level 15 of a ziggurat
 60716 | Zig:15   | Noticed an ancient lich
 60728 | Zig:15   | Killed an ancient lich
 60815 | Zig:15   | Identified the +8 morningstar "Arbiter" {venom, rF+ Str-4
                  | Int+2}
 60820 | Zig:15   | Got the Grimoire of the Fetching Snowflakes
 60831 | Zig:15   | Learned a level 8 spell: Infestation
 60832 | Zig:16   | Entered Level 16 of a ziggurat
 61055 | Zig:16   | Identified the ring "Zodiku" {Ice rN+ Str-2 Dex+3}
 61058 | Zig:16   | Identified the ring "Poipodade" {Drain rF+ Str+4 Int+3
                  | Dex+2 Stlth+}
 61060 | Zig:16   | Got the Handbook of Flying Poisoning
 61067 | Zig:17   | Entered Level 17 of a ziggurat
 61102 | Depths:1 | Gained mutation: Your magical capacity is very low. (-20%
                  | MP) [mutagenic glow]
 61169 | Hell     | Entered the Vestibule of Hell
 61169 | Hell     | Noticed Geryon
 61195 | Hell     | Killed Geryon
 61378 | Hell     | HP: 10/308 [smoke demon/divine providence (12)]
 61483 | Hell     | Found a gateway to the Iron City of Dis.
 61604 | Hell     | Found a gateway to the ashen valley of Gehenna.
 61700 | Hell     | Found a gateway to the decaying netherworld of Tartarus.
 61793 | Hell     | Found a gateway to the freezing wastes of Cocytus.
 62245 | Tomb:1   | Entered Level 1 of the Tomb of the Ancients
 62500 | Tomb:1   | Noticed a royal mummy
 62510 | Tomb:1   | Killed a royal mummy
 62736 | Tomb:1   | Identified the +5 ring mail of Oseydd {*Slow rPois Int-3
                  | Stlth+}
 63106 | Tomb:2   | Noticed a royal mummy
 63106 | Tomb:2   | Noticed a royal mummy
 63110 | Tomb:2   | Noticed a royal mummy
 63114 | Tomb:2   | Noticed a royal mummy
 63126 | Tomb:2   | Killed a royal mummy
 63133 | Tomb:2   | Killed a royal mummy
 63140 | Tomb:2   | Killed a royal mummy
 63144 | Tomb:2   | Killed a royal mummy
 63189 | Tomb:2   | Reached skill level 15 in Necromancy
 63587 | Tomb:1   | Noticed a royal mummy
 63587 | Tomb:1   | Noticed a royal mummy
 63587 | Tomb:1   | Noticed a royal mummy
 63587 | Tomb:1   | Noticed a royal mummy
 63587 | Tomb:1   | Noticed a royal mummy
 63598 | Tomb:1   | Killed a royal mummy
 63598 | Tomb:1   | Killed a royal mummy
 63598 | Tomb:1   | Killed a royal mummy
 63598 | Tomb:1   | Killed a royal mummy
 63599 | Tomb:1   | Noticed a royal mummy
 63601 | Tomb:1   | Killed a royal mummy
 63602 | Tomb:1   | Noticed a royal mummy
 63605 | Tomb:1   | Killed a royal mummy
 63607 | Tomb:1   | Killed a royal mummy
 63698 | Tomb:1   | Noticed a royal mummy
 63979 | Tomb:1   | Noticed a royal mummy
 63994 | Tomb:1   | Killed a royal mummy
 64017 | Tomb:1   | Noticed a royal mummy
 64025 | Tomb:1   | Killed a royal mummy
 64035 | Tomb:1   | Noticed a royal mummy
 64042 | Tomb:1   | Killed a royal mummy
 64062 | Tomb:1   | Killed a royal mummy
 64137 | Tomb:1   | Noticed a royal mummy
 64140 | Tomb:1   | Noticed a royal mummy
 64141 | Tomb:1   | Noticed a royal mummy
 64145 | Tomb:1   | Noticed a royal mummy
 64152 | Tomb:1   | Killed a royal mummy
 64154 | Tomb:1   | Noticed a royal mummy
 64159 | Tomb:1   | Noticed a royal mummy
 64165 | Tomb:1   | Killed a royal mummy
 64168 | Tomb:1   | Killed a royal mummy
 64170 | Tomb:1   | Killed a royal mummy
 64172 | Tomb:1   | Killed a royal mummy
 64178 | Tomb:1   | Killed a royal mummy
 64183 | Tomb:1   | Noticed a royal mummy
 64184 | Tomb:1   | Noticed a royal mummy
 64207 | Tomb:1   | Killed a royal mummy
 64207 | Tomb:1   | Killed a royal mummy
 64241 | Tomb:1   | Noticed a royal mummy
 64248 | Tomb:1   | Killed a royal mummy
 64381 | Tomb:3   | Entered Level 3 of the Tomb of the Ancients
 64398 | Tomb:3   | Noticed a royal mummy
 64471 | Tomb:3   | Noticed a royal mummy
 64472 | Tomb:3   | Noticed a royal mummy
 64482 | Tomb:3   | Noticed a royal mummy
 64485 | Tomb:3   | Killed a royal mummy
 64488 | Tomb:3   | Killed a royal mummy
 64499 | Tomb:3   | Killed a royal mummy
 64502 | Tomb:3   | Noticed a royal mummy
 64655 | Tomb:3   | Killed a royal mummy
 64671 | Tomb:3   | Noticed a royal mummy
 64679 | Tomb:3   | Reached skill level 10 in Throwing
 64686 | Tomb:3   | Killed a royal mummy
 64753 | Tomb:3   | Noticed a royal mummy
 64762 | Tomb:3   | Killed a royal mummy
 64794 | Tomb:3   | Killed a royal mummy
 64795 | Tomb:3   | Noticed a royal mummy
 64807 | Tomb:3   | Killed a royal mummy
 64998 | Tomb:3   | Got a golden rune of Zot
 65063 | Tomb:3   | Found the +8 arc blade {discharge, rElec}
 65123 | Tomb:3   | Identified the +3 long sword of Bankruptcy {flame, Str+6}
 65130 | Tomb:3   | Identified the +9 chain mail of Amaps {rElec rF- Str+3}
 65199 | Tomb:2   | Learned a level 9 spell: Shatter
 65201 | Zig:1    | Entered Level 1 of a ziggurat
 65220 | Zig:2    | Entered Level 2 of a ziggurat
 65272 | Zig:3    | Entered Level 3 of a ziggurat
 65329 | Zig:3    | Identified the +4 war axe of Wu Jian {spect, +Blink rC+}
 65339 | Zig:4    | Entered Level 4 of a ziggurat
 65345 | Zig:4    | Paralysed by a floating eye for 2 turns
 65394 | Zig:4    | Identified the amulet "Pawaetym" {Spirit Fly rC+ Slay-3}
 65403 | Zig:5    | Entered Level 5 of a ziggurat
 65423 | Zig:5    | Reached skill level 1 in Polearms
 65480 | Zig:6    | Entered Level 6 of a ziggurat
 65688 | Zig:7    | Entered Level 7 of a ziggurat
 65690 | Zig:7    | Noticed a juggernaut
 65690 | Zig:7    | Noticed a juggernaut
 65698 | Zig:7    | Killed a juggernaut
 65705 | Zig:7    | Killed a juggernaut
 65750 | Zig:7    | Identified the +11 hand axe "Vefaf" {elec, rPois rF+ rC+
                  | rN+}
 65752 | Zig:7    | Acquired 547 gold pieces
 65757 | Zig:7    | Identified the +6 short sword of Regicide {flame, rF+ rCorr
                  | Str+2 Dex-5}
 65759 | Zig:7    | Identified the +1 chain mail "Pollafae" {rPois Will+++
                  | Str+10 Dex-4}
 65762 | Zig:8    | Entered Level 8 of a ziggurat
 65770 | Zig:8    | Found the ring of the Mage {Wiz Will++ Int+3}
 65832 | Zig:9    | Entered Level 9 of a ziggurat
 65840 | Zig:9    | Noticed Vyiq Gub the pandemonium lord
 65841 | Zig:9    | Found the +8 mithril axe "Arga" {speed, Will+}
 65841 | Zig:9    | Noticed Niyrifre the pandemonium lord
 65841 | Zig:9    | Noticed Joumyjon the pandemonium lord
 65846 | Zig:9    | Killed Joumyjon the pandemonium lord
 65848 | Zig:9    | Killed Niyrifre the pandemonium lord
 65851 | Zig:9    | Killed Vyiq Gub the pandemonium lord
 65869 | Zig:9    | Identified the +3 leather armour "Qukab" {Will++ Str-5
                  | Int+4}
 65878 | Zig:10   | Entered Level 10 of a ziggurat
 65888 | Zig:10   | Found the +3 pair of gauntlets of War {Slay+5}
 65907 | Zig:10   | Gained mutation: You are very dopey. (Int -4) [a shining
                  | eye]
 65926 | Zig:10   | Identified the +0 scythe "Boiwa" {distort, rElec rN++}
 65928 | Zig:10   | Identified the ring of Waolap {rC+ Str-2 Int+3 SInv}
 65940 | Zig:11   | Entered Level 11 of a ziggurat
 65987 | Zig:11   | Identified the +9 long sword "Fobbazuu" {vorpal, Str-5
                  | Int+5}
 65999 | Zig:12   | Entered Level 12 of a ziggurat
 66075 | Zig:12   | Identified the +2 hunting sling "Qepn" {flame, *Corrode
                  | Will+ Int+2}
 66076 | Zig:12   | Identified the ring "Qyseacvapp" {rN+ rCorr}
 66089 | Zig:12   | Identified the +2 battleaxe "Luoneuwn" {freeze, Contam rF+
                  | Str+4}
 66095 | Zig:13   | Entered Level 13 of a ziggurat
 66102 | Zig:13   | Noticed a dread lich
 66113 | Zig:13   | Found the brooch of Shielding {Spirit SH+8}
 66128 | Zig:13   | Killed a dread lich
 66209 | Zig:13   | Identified the ring "Fethydist" {rPois rC+}
 66238 | Zig:14   | Entered Level 14 of a ziggurat
 66252 | Zig:14   | Noticed an ancient lich
 66253 | Zig:14   | Noticed a dread lich
 66267 | Zig:14   | Killed an ancient lich
 66275 | Zig:14   | Killed a dread lich
 66316 | Zig:14   | Identified the ring of Jerut {Contam Drain Str+2 Dex+5
                  | SInv}
 66333 | Zig:14   | Reached skill level 10 in Polearms
 66336 | Zig:15   | Entered Level 15 of a ziggurat
 66554 | Zig:15   | Found the +5 robe of Night {Dark Will+ SInv}
 66562 | Zig:15   | Got the Papyrus of Twisted Transmutation
 66569 | Zig:15   | Got Sif Muna's Compendium of the Fetching Volcanoes
 66575 | Zig:16   | Entered Level 16 of a ziggurat
 66754 | Zig:16   | Identified the +9 hunting sling of Benevolence {freeze,
                  | Str+5}
 67388 | Lair:6   | Lost mutation: Your muscles are strong. (Str +2) [potion of
                  | mutation]
 67388 | Lair:6   | Lost mutation: You are very clumsy. (Dex -4) [potion of
                  | mutation]
 67389 | Lair:6   | Lost mutation: Your spells are easier to cast, but less
                  | powerful. [potion of mutation]
 67389 | Lair:6   | Lost mutation: You occasionally shout uncontrollably at
                  | your foes. [potion of mutation]
 67389 | Lair:6   | Lost mutation: Your magical capacity is very low. (-20% MP)
                  | [potion of mutation]
 67389 | Lair:6   | Gained mutation: You have a pair of small horns on your
                  | head. [potion of mutation]
 67389 | Lair:6   | Gained mutation: You are partially covered in large bone
                  | plates. (SH +4) [potion of mutation]
 67389 | Lair:6   | Gained mutation: Your muscles are strong. (Str +2) [potion
                  | of mutation]
 67390 | Lair:6   | Lost mutation: You are clumsy. (Dex -2) [potion of
                  | mutation]
 67390 | Lair:6   | Lost mutation: Your muscles are strong. (Str +2) [potion of
                  | mutation]
 67390 | Lair:6   | Lost mutation: You are very dopey. (Int -4) [potion of
                  | mutation]
 67390 | Lair:6   | Gained mutation: You tend to lose your temper in combat.
                  | [potion of mutation]
 67390 | Lair:6   | Lost mutation: Your spells are a little easier to cast, but
                  | a little less powerful. [potion of mutation]
 67391 | Lair:6   | Lost mutation: Your magical capacity is low. (-10% MP)
                  | [potion of mutation]
 67391 | Lair:6   | Lost mutation: Your flesh is cold resistant. (rC+) [potion
                  | of mutation]
 67391 | Lair:6   | Lost mutation: You have a pair of small horns on your head.
                  | [potion of mutation]
 67391 | Lair:6   | Gained mutation: You are clumsy. (Dex -2) [potion of
                  | mutation]
 67391 | Lair:6   | Gained mutation: You have an increased reservoir of magic.
                  | (+10% MP) [potion of mutation]
 67392 | Lair:6   | Lost mutation: You heal very quickly. [potion of mutation]
 67392 | Lair:6   | Lost mutation: You are dopey. (Int -2) [potion of mutation]
 67392 | Lair:6   | Gained mutation: Your body sometimes deteriorates upon
                  | taking damage. [potion of mutation]
 67393 | Lair:6   | Lost mutation: You are partially covered in large bone
                  | plates. (SH +4) [potion of mutation]
 67393 | Lair:6   | Lost mutation: Your body sometimes deteriorates upon taking
                  | damage. [potion of mutation]
 67393 | Lair:6   | Gained mutation: Your mind is acute. (Int +2) [potion of
                  | mutation]
 67393 | Lair:6   | Gained mutation: You are weak. (Str -2) [potion of
                  | mutation]
 67393 | Lair:6   | Lost mutation: You are clumsy. (Dex -2) [potion of
                  | mutation]
 67394 | Lair:6   | Lost mutation: Your mind is acute. (Int +2) [potion of
                  | mutation]
 67394 | Lair:6   | Lost mutation: You are weak. (Str -2) [potion of mutation]
 67394 | Lair:6   | Gained mutation: You are strong-willed. (Will+) [potion of
                  | mutation]
 67394 | Lair:6   | Lost mutation: You tend to lose your temper in combat.
                  | [potion of mutation]
 67463 | Lair:6   | Killed mumross's ghost
 67499 | Slime:1  | Entered Level 1 of the Pits of Slime
 67674 | Slime:5  | Entered Level 5 of the Pits of Slime
 67897 | Slime:5  | Noticed the Royal Jelly
 67898 | Slime:5  | Found a viscous altar of Jiyva.
 67939 | Slime:5  | Killed the Royal Jelly
 67974 | Slime:5  | Found the +2 ratskin cloak {*Rats rPois rN+ Str-1 Int-1
                  | Dex+1}
 68027 | Slime:5  | Identified the +1 pair of boots of Dogma {rElec Regen+
                  | Dex-4 SInv}
 68031 | Slime:5  | Identified the +2 trident of the Warrior {vorpal, Int+3}
 68087 | Slime:5  | Got a slimy rune of Zot
 68596 | Depths:4 | Bought a book of the Moon for 1000 gold pieces
 68601 | Depths:4 | Learned a level 4 spell: Passage of Golubria
 68650 | Tar:1    | Entered Level 1 of Tartarus
 68728 | Tar:1    | Found a huge runed gate.
 68728 | Tar:1    | Found a huge runed gate.
 68728 | Tar:1    | Found a huge runed gate.
 68728 | Tar:1    | Found a huge runed gate.
 68728 | Tar:1    | Found a huge runed gate.
 68823 | Tar:1    | Found a huge runed gate.
 68823 | Tar:1    | Found a huge runed gate.
 68823 | Tar:1    | Found a huge runed gate.
 68823 | Tar:1    | Found a huge runed gate.
 68823 | Tar:1    | Found a huge runed gate.
 68824 | Tar:1    | Found a huge runed gate.
 68824 | Tar:1    | Found a huge runed gate.
 68861 | Tar:1    | Noticed an ancient lich
 68861 | Tar:1    | Noticed a dread lich
 68861 | Tar:1    | Noticed an ancient lich
 68861 | Tar:1    | Noticed a dread lich
 68867 | Tar:1    | Killed an ancient lich
 68871 | Tar:1    | Killed an ancient lich
 68878 | Tar:1    | Killed a dread lich
 68879 | Tar:1    | Reached skill level 15 in Earth Magic
 68886 | Tar:1    | HP: 8/314 [Tzitzimitl/dispel undead (46)]
 68886 | Tar:1    | Mangled by a dread lich

Illustrated notes

Levels and vault maps discovered:
D:1:      dpeg_arrival_arbitrary_c, layout_loops_cross, minmay_misc_feat_x
D:2:      minmay_skewed_foursquare, layout_loops_corners, serial_shops,
          nicolae_lakefront_shop, hellmonk_ecumenical_altar_pennies_from_heaven,
          kennysheep_nondescript
D:3:      layout_loops_cross, uniq_grinder
D:4:      layout_loops_corners, grunt_ministairs_13, uniq_blork_the_orc,
          uniq_duvessa
D:5:      layout_basic, minmay_temple_entry_antechambers
D:6:      layout_gridville, serial_glass, glass_columns_a, glass_columns_a,
          feat_on_display, feat_on_display, minmay_strange_pillars
D:7:      layout_cave_pools, minitemple, serial_shops, shop, shop
D:8:      layout_basic
D:9:      layout_loops_corners, erik_orc_2, serial_rivers,
          chequers_serial_rivers_small_a, chequers_serial_rivers_room_b,
          chequers_serial_rivers_micro_d, chequers_serial_rivers_micro_a,
          item_on_display_a
D:10:     layout_loops_corners, mainiacjoe_overflow_brackets, lair_entry_dummy,
          kennysheep_generic_room_5
D:11:     layout_rooms
D:12:     layout_loops_ring, ebering_ghost_gozag, minmay_beelzebubs_servants
D:13:     layout_loops_ring, skrybe_vaults_entry_preservation,
          nicolae_yredelemnul_corpse_copse
D:14:     wad_crossroads, layout_loops_ring, kennysheep_cross_room
D:15:     hangedman_depths_entry_civil_slaughter, layout_layer_cave,
          minivault_24, nicolae_ru_awakened_eye
Temple:   eino_temple_lava
Lair:1:   layout_chaotic_city, minivault_26, serial_bayou_shore_b,
          infiniplex_staircase_pool_2, serial_bayou_shore_a, uniq_gastronok
Lair:2:   gammafunk_worm_tunnel, layout_hall_layers, beast_lair_carwin_1,
          serial_bayou_shore_b
Lair:3:   layout_regular_city, elwin_shoals_entry_rocks, lemuel_oklob_altar,
          lemuel_fruit_tree
Lair:4:   layout_cave_pods, guppyfry_snake_entry_garden
Lair:5:   layout_layer_cave, basic_altar, grunt_megastairs_1, uniq_kirke
Lair:6:   gammafunk_lair_ancient_temple, layout_regular_city, slime_altar_1,
          ebering_ghost_xom, lemuel_fruit_fields
Shoals:1: layout_shoals
Shoals:2: layout_shoals, serial_shops, shop, shop,
          nicolae_shop_temple_entry_statues_fountains, nicolae_shop_waterfront,
          nicolae_shoals_dead_sea_scrolls
Shoals:3: layout_shoals, nicolae_shoals_lost_giant_temple, lemuel_altar_in_water
Shoals:4: shoals_end_simple, layout_shoals, shoals_ilsuiw_alternative,
          nicolae_shoals_elemental_ambush, uniq_donald
Snake:1:  layout_onion_interference, drop_trap, grunt_megastairs_2
Snake:2:  layout_misc_corridors, special_room, nicolae_stop_n_shop_1,
          nicolae_specific_store
Snake:3:  layout_basic, serial_shops, nicolae_take_the_stairs,
          nicolae_lakefront_shop
Snake:4:  grunt_snake_rune_serpentine_throne, layout_cave_pods, uniq_asterion
Slime:1:  layout_caves
Slime:2:  layout_caves
Slime:3:  layout_caves, cheibrodos_slime_lost_civilization_7
Slime:4:  layout_caves, uniq_dissolution
Slime:5
Orc:1:    layout_diamond_mine, ebering_ghost_inner_flame
Orc:2:    st_orc_ogre_mass, layout_caves, basic_altar, uniq_sonja
Elf:1:    layout_geoelf_diagonals, hangedman_elven_crosses_minicolossus
Elf:2:    elven_hall_of_blades_hangedman_original
          [infiniplex_blade_entry_pillars], layout_loops_cross,
          kennysheep_underground_church, uniq_jorgrun
Elf:3:    nooodl_elf_gasket, layout_geoelf_diagonals,
          amcnicky_mini_rare_corridor_liquid, minivault_25_ag
Vaults:1: vaults_standard_mumra_x, grunt_vaults_twisty, v_misc_33,
          vaults_room_pools, v_misc_2, v_misc_16, layout_vaults_quadrants
Vaults:2: nicolae_vaults_little_ls, vaults_mumra_lcd, v_rooms_6,
          nicolae_vaults_mini_display_case, ontoclasm_vaults_pinch,
          layout_vaults_chaotic_city
Vaults:3: vaults_room_guarded_vault, hangedman_vaults_nodes, v_misc_5,
          vaults_room_octagon, blue_anna_dwarven_crypt, vaults_room_pool,
          v_pattern_4, nicolae_vaults_circle_grid_a, v_misc_5,
          nicolae_vaults_network_barrier, v_misc_9, layout_vaults_omnibox,
          serial_shops, nicolae_diamond_shop
Vaults:4: vaults_room_pools, nicolae_vaults_specimen_jars,
          nicolae_vaults_ring_of_whatevers, special_room_vaults
          [special_room_orc], vaults_room_large_hall,
          nicolae_vaults_border_crossing, nicolae_vaults_shelves_hall,
          v_misc_26, v_misc_11, v_misc_26, hangedman_vaults_restitches,
          v_misc_22, v_alt_pattern_6, v_alt_pattern_1, vaults_dpeg_diagonal,
          ontoclasm_vaults_hangar, layout_vaults_maze_bifur, serial_shops,
          nicolae_lakefront_shop
Vaults:5: serial_shops, uniq_mennas
Crypt:1:  layout_chaotic_city, grunt_megastairs_4, lemuel_upstairs_altar,
          grunt_crypt_arrival_webbed
Crypt:2:  layout_basic, uniq_frederick, uniq_khufu
Crypt:3:  evilmike_haunted_forest, uniq_jory, uniq_mara
Tomb:1
Tomb:2
Tomb:3
Depths:1: layout_cave_pools, enter_ziggurat_e, hell_entry, abyss_entry,
          ebering_ghost_reflecting_pool, roderic_serpentine_path,
          chequers_serial_rivers_room_b, chequers_serial_rivers_micro_c,
          tgw_trog
Depths:2: minmay_octagon_city, layout_gridville, abyss_entry,
          nicolae_tso_carved_into_rock, hangedman_tar_grid_catacomb, st_stairs_7
Depths:3: thingy_vault_2, layout_honeycomb, abyss_entry_flame_altar,
          minmay_misc_feat_cross, pan_entry, lightli_too_deep, hex_medium,
          minivault_16, infiniplex_staircase_split_hallway, uniq_boris,
          uniq_margery
Depths:4: kennysheep_snake, layout_basic, serial_sigils,
          serial_sigils_hangedman_shear, serial_sigils_hangedman_gut,
          serial_sigils_hangedman_carve, serial_sigils_hangedman_leer,
          serial_sigils_hangedman_stare, serial_sigils_hangedman_gnaw,
          abyss_entry_small_statue_room, hell_entry, minmay_shop_grove
Depths:5: evilmike_zot_entry_round, layout_cave_pools, serial_shops,
          nicolae_shop_crystal, elyvilon_altar_5, hellmouth_1,
          grunt_megastairs_3, serial_bayou_shore_b
Hell
Tar:1:    grunt_deathspiral_small, layout_cathedral_of_symmetry, door_vault
Zot:1:    layout_misc_corridors
Zot:2:    lemuel_draconian_sentries_small, layout_basic, lemuel_baited_zot_trap,
          zot_minivault_1
Zot:3:    layout_misc_corridors
Zot:4:    layout_gridlike, st_stairs_9, bh_zot_lava_cross, grunt_megastairs_5
Zot:5:    layout_onion

Skill      XL: |  1  2  3  4  5  6  7  8  9 10 11 12 13 14 15 16 17 18 19 20 21 22 23 24 25 26 27 |
---------------+----------------------------------------------------------------------------------+-----
Throwing       | 1 2 3 4 6 14 | 14.9
Dodging        | 2 3 7 9 12 15 | 15.0
Fighting       | 2 3 4 5 6 7 8 9 11 12 13 14 15 16 17 18 19 25 | 25.0
Shields        | 1 2 3 4 6 8 11 13 14 15 16 | 16.0
Unarmed Combat | 3 4 5 6 7 8 10 11 13 15 16 17 18 19 20 21 25 | 25.0
Translocations | 3 4 |  4.0
Evocations     | 2 3 5 8 10 | 10.6
Stealth        | 2 4 5 |  5.0
Armour         | 3 4 6 |  6.7
Invocations    | 3 8 9 11 13 14 15 17 18 | 18.0
Earth Magic    | 1 5 7 9 10 11 15 | 15.1
Transmutations | 1 4 7 9 11 12 | 12.5
Spellcasting   | 3 5 6 8 9 10 13 | 13.7
Necromancy     | 17 | 17.0
Polearms       | 12 | 12.0

Action                   |  1- 3 |  4- 6 |  7- 9 | 10-12 | 13-15 | 16-18 | 19-21 | 22-24 | 25-27 || total
-------------------------+-------+-------+-------+-------+-------+-------+-------+-------+-------++-------
Melee: Unarmed           |   117 |   123 |   369 |   510 |  1218 |  1065 |  1160 |  1066 |  3044 ||  8672
       Lance             |       |       |       |       |       |       |       |       |    41 ||    41
Throw: Dart              |       |    16 |    41 |    78 |    34 |     1 |       |       |       ||   170
       Boomerang         |       |       |     2 |     4 |    72 |    20 |       |       |       ||    98
       Large rock        |       |       |       |    10 |    47 |    16 |    12 |     1 |    37 ||   123
       Javelin           |       |       |       |       |       |       |       |    17 |   117 ||   134
 Cast: Blink             |       |     1 |     4 |    20 |    33 |     2 |     2 |       |     8 ||    70
       Apportation       |       |       |       |       |     3 |     9 |       |       |    50 ||    62
       Passwall          |       |       |       |       |       |     4 |     5 |       |     3 ||    12
       Statue Form       |       |       |       |       |       |     6 |    35 |    41 |    69 ||   151
       Necromutation     |       |       |       |       |       |       |       |       |    29 ||    29
Invok: Slouch            |       |       |       |       |     1 |    11 |     7 |     4 |    40 ||    63
       Step From Time    |       |       |       |       |       |     1 |       |     1 |     4 ||     6
       Temporal Distorti |       |       |       |       |       |     1 |       |       |       ||     1
Evoke: Wand              |       |       |    12 |    28 |    17 |    17 |       |     3 |    18 ||    95
       Phantom mirror    |       |       |       |       |     4 |     3 |       |       |       ||     7
       Condenser vane    |       |       |       |       |     2 |     4 |     5 |     3 |    20 ||    34
       Tin of tremorston |       |       |       |       |       |       |     2 |       |    26 ||    28
       Figurine of a zig |       |       |       |       |       |       |       |       |     1 ||     1
  Use: Scroll            |       |     5 |     4 |    11 |     5 |    15 |     4 |       |    30 ||    74
       Potion            |       |       |     2 |     4 |     1 |     7 |       |     1 |    23 ||    38
 Stab: Sleeping          |       |     1 |       |     4 |     7 |    21 |    22 |     8 |     8 ||    71
       Invisible         |       |       |       |     1 |       |       |       |       |     5 ||     6
       Paralysed         |       |       |       |       |     2 |       |       |       |       ||     2
       Petrified         |       |       |       |       |    17 |       |       |       |       ||    17
       Distracted        |       |       |       |       |     2 |     3 |     5 |     4 |     6 ||    20
       Confused          |       |       |       |       |     1 |       |       |       |     1 ||     2
       Held in net/web   |       |       |       |       |       |       |       |       |     1 ||     1
Armor: Robe              |    40 |    37 |       |    32 |       |       |       |       |   323 ||   432
       Skin              |       |       |    33 |    16 |       |    58 |   288 |   453 |   853 ||  1701
       Steam dragon scal |       |       |       |    97 |    25 |       |       |       |       ||   122
       Troll leather arm |       |       |       |       |   224 |   195 |     8 |       |       ||   427
       Shadow dragon sca |       |       |       |       |       |       |   181 |   166 |   247 ||   594
Dodge: Dodged            |    37 |    37 |   127 |   185 |   463 |   426 |   487 |   504 |  2153 ||  4419
Block: Kite shield       |    20 |    58 |   194 |   328 |   750 |   763 |   987 |   971 |   432 ||  4503
       Tower shield      |       |       |       |       |       |       |       |       |  4530 ||  4530
